 Dungeon Crawl Stone Soup version 0.28.0-1-gb440e238dd (webtiles) character file.

Game seed: 18083873395278408538

620 buriedalive the Chiller (level 7, -1/36 HPs)
             Began as a Deep Elf Ice Elementalist on Feb 25, 2022.
             Slain by a wyvern skeleton (2 damage)
             ... on level 7 of the Dungeon.
             The game lasted 00:07:48 (5663 turns).

buriedalive the Chiller (Deep Elf Ice Elementalist) Turns: 5663, Time: 00:07:49

Health: -1/36      AC:  4    Str:  4 (5)  XL:     7   Next: 22%
Magic:  13/13      EV: 13    Int: 22      God:
Gold:   124        SH:  0    Dex: 14 (15) Spells: 5/12 levels left

rFire   . . .      SeeInvis .   e - +2 dagger (venom)
rCold   + . .      Faith    .   (no shield)
rNeg    . . .      Spirit   .   g - +0 leather armour {rC+}
rPois   +          Reflect  .   m - +0 helmet
rElec   .          Harm     .   (no cloak)
rCorr   .          Rampage  .   (no gloves)
Will    .....                   (no boots)
Stlth   ++........              (no amulet)
HPRegen 0.12/turn               f - ring of poison resistance
MPRegen 0.13/turn               (no ring)

@: marked
A: deterioration 1, wild magic 1
a: no special abilities


You were on level 7 of the Dungeon.
You visited 1 branch of the dungeon, and saw 5 of its levels.

You collected 184 gold pieces.
You spent 60 gold pieces at shops.

Inventory:

Hand Weapons
 e - a +2 dagger of venom (weapon)
 k - a +0 dagger of draining
Missiles
 c - 137 stones
 d - 8 poisoned darts
 q - 3 curare-tipped darts
Armour
 a - a +0 robe
 g - a +0 leather armour of cold resistance (worn)
 m - a +0 helmet (worn)
Jewellery
 f - a ring of poison resistance (left hand)
Wands
 j - a wand of polymorph (6)
Scrolls
 b - 3 scrolls of identify
 h - 2 scrolls of amnesia
 l - a scroll of fear
 n - a scroll of blinking {unknown}
Potions
 i - 3 potions of curing
 o - a potion of flight


   Skills:
 + Level 7.0 Dodging
 - Level 2.4 Stealth
 - Level 3.0 Spellcasting
 + Level 7.5 Ice Magic


You had 5 spell levels left.
You knew the following spells:

 Your Spells              Type           Power      Damage    Failure   Level
a - Freeze                Ice            100%       1d11      2%          1
b - Ozocubu's Armour      Ice            47%        N/A       5%          3
c - Frozen Ramparts       Ice            94%        1d11      5%          3

Your spell library contained the following spells:

 Spells                   Type           Power      Damage    Failure   Level
 Hailstorm                Conj/Ice       25%        3d7       52%         4


Dungeon Overview and Level Annotations

Branches:
Dungeon (4/15)             Temple (0/1) D:7

Altars:
Wu Jian

Shops:
D:3 !

Annotations:
D:4 2 transporters
D:7 Harold


Innate Abilities, Weirdness & Mutations

Your body sometimes deteriorates upon taking damage.
Your spells are a little harder to cast, but a little more powerful.


Message History

Items here: ))) [.
Items here: )) [ ††.
You open the door.
There is an open door here.
A sourceless malevolence fills the Dungeon...
You fall into a shaft and drop 3 floors!
The shaft crumbles and collapses.
You hear the hiss of flowing sand.
There is an entrance to an ossuary on this level.
Hurry and find it before the portal is buried!
Found 23 gold pieces and a dyed leather armour.
Found a stone staircase leading up.
As you read the scroll of magic mapping, it crumbles to dust.
You feel aware of your surroundings.
You sensed 1 shop/portal.
You now have 124 gold pieces (gained 23).
You see here a +0 leather armour of cold resistance.
g - a +0 leather armour of cold resistance You start removing your armour.
You continue taking off your +0 robe. x4
You finish taking off your +0 robe.
You start putting on your armour.
You continue putting on your +0 leather armour of cold resistance. x5
You finish putting on your +0 leather armour of cold resistance.
You feel resistant to cold.
Harold the Weathered comes into view.
He is wielding a +0 trident.
Harold shouts!
Harold gestures at you while chanting. A sentinel's mark forms upon you.
A wyvern skeleton comes into view.
You barely miss Harold. Harold closely misses you.
Harold hits you from afar with a +0 trident!
Your body deteriorates!
You feel clumsy.
Harold looks eager to get this over with.
Harold hits you from afar with a +0 trident!!
Ouch! That really hurt!
* * * LOW HITPOINT WARNING * * *
You feel better. The wyvern skeleton closely misses you.
Harold hits you from afar with a +0 trident!
* * * LOW HITPOINT WARNING * * *
Your body deteriorates!
You feel weakened. The wyvern skeleton bites you.
You die...

####### ###.....#
##.......## *##
##.........# *#.#
#..........#
*#..#
###.<....###
*..#*
##....######
##.#* *
##........####..#
**
*#.#####....@..#*
,* *#.##
#####.Z.##
,**#.#* ###@.#
,,..#* ##.##
,...* #..## ,..,*
#...## ,,,,*
#....## ,,,,**
##....#* ,,,,,*
#.....#*


You could see Harold and a wyvern skeleton.

Vanquished Creatures
  3 ogres (D:4)
  A scorpion (D:4)
  A howler monkey (D:4)
  2 orc priests (D:4)
  An iguana (D:4)
  An orc wizard (D:4)
  Robin (D:3)
  4 adders
  2 adder skeletons
  5 orcs (D:4)
  15 endoplasms
  3 giant cockroaches
  16 goblins
  10 hobgoblins
  6 kobolds
  3 quokkas
  8 ball pythons
  8 bats
  A rat (D:2)
91 creatures vanquished.

Notes
Turn   | Place    | Note
-------+----------+-------------------------------------------
     0 | D:1      | buriedalive the Deep Elf Ice Elementalist began the quest
                  | for the Orb.
     0 | D:1      | Reached XP level 1. HP: 10/10 MP: 6/6
   489 | D:1      | Reached XP level 2. HP: 13/15 MP: 6/8
  1254 | D:2      | Reached skill level 5 in Ice Magic
  1287 | D:2      | Reached XP level 3. HP: 12/19 MP: 7/9
  2544 | D:3      | Found Ohusch's Distillery.
  2547 | D:3      | Bought a potion of heal wounds for 60 gold pieces
  2608 | D:3      | Noticed Robin
  2635 | D:2      | Learned a level 3 spell: Ozocubu's Armour
  2639 | D:2      | Learned a level 3 spell: Frozen Ramparts
  3017 | D:3      | Reached XP level 4. HP: 18/24 MP: 8/10
  3272 | D:3      | Killed Robin
  3492 | D:4      | Noticed an ogre
  3499 | D:4      | HP: 1/24 [ogre (23)]
  3500 | D:4      | Killed an ogre
  3501 | D:4      | Reached skill level 5 in Dodging
  3501 | D:4      | Reached XP level 5. HP: 1/28 MP: 5/11
  3957 | D:4      | Reached XP level 6. HP: 20/32 MP: 8/12
  4318 | D:4      | Found a transporter.
  4372 | D:4      | Found a transporter.
  4374 | D:4      | Noticed an ice beast
  4374 | D:4      | Noticed an ice beast
  4722 | D:4      | Gained mutation: Your body sometimes deteriorates upon
                  | taking damage. [potion of mutation]
  4722 | D:4      | Gained mutation: Your spells are a little harder to cast,
                  | but a little more powerful. [potion of mutation]
  5100 | D:4      | Found an ornate altar of the Wu Jian Council.
  5454 | D:4      | Reached XP level 7. HP: 22/36 MP: 7/13
  5616 | D:4      | You fall into a shaft and drop 3 floors!
  5649 | D:7      | Noticed Harold
  5661 | D:7      | HP: 1/36 [Harold (10)]
  5663 | D:7      | Slain by a wyvern skeleton

Illustrated notes

Levels and vault maps discovered:
D:1:      elethiomel_arrival_shortcut, layout_basic
D:2:      layout_rooms, minivault_19, minmay_bisected
D:3:      layout_basic, serial_shops, nicolae_shop_behind_doors, uniq_robin
D:4:      gammafunk_cloud_chamber, layout_loops_corners,
          nicolae_wu_jian_glorious_leap, minivault_26, grunt_ministairs_13,
          minmay_misc_feat_four_crosses
D:7:      layout_cave_pods, minmay_temple_entry_from_below_b,
          nicolae_ossuary_entry_ruins, grunt_decor_junction,
          uniq_prince_ribbit1, uniq_duvessa, uniq_harold, uniq_maggie

Skill      XL: |  1  2  3  4  5  6  7 |
---------------+----------------------+-----
Dodging        | 3 4 5 6 7 |  7.0
Ice Magic      | 5 6 7 |  7.5
Stealth        | |  2.4
Spellcasting   | |  3.0

Action                   |  1- 3 |  4- 6 |  7- 9 || total
-------------------------+-------+-------+-------++-------
Melee: Unarmed           |     6 |       |       ||     6
       Dagger            |    86 |    71 |     1 ||   158
       Punch             |     2 |       |       ||     2
 Cast: Freeze            |    44 |    17 |     1 ||    62
       Frozen Ramparts   |       |     7 |     1 ||     8
       Ozocubu's Armour  |       |     2 |     1 ||     3
  Use: Scroll            |     6 |     3 |     1 ||    10
       Potion            |       |     2 |     1 ||     3
 Stab: Sleeping          |     7 |     2 |       ||     9
       Distracted        |       |     1 |       ||     1
Armor: Robe              |    23 |     8 |       ||    31
Dodge: Dodged            |   103 |    57 |     2 ||   162
